 Dungeon Crawl Stone Soup version 0.26-a0-812-g31a745ddcd (webtiles) character file.

Game seed: 2666205958842599522

3219 Dracia the Impaler (level 9, -4/69 HPs)
             Began as a Merfolk Gladiator on Dec 9, 2020.
             Was an Initiate of Okawaru.
             Killed from afar by an ice statue (10 damage)
             ... with a freezing blast
             ... on level 8 of the Dungeon.
             The game lasted 00:12:38 (8496 turns).

Dracia the Impaler (Merfolk Gladiator)              Turns: 8496, Time: 00:12:38

Health: -4/69      AC:  7    Str: 16    XL:     9   Next: 97%
Magic:  9/9        EV: 14    Int:  9    God:    Okawaru [......]
Gold:   474        SH:  9    Dex: 15    Spells: 8/8 levels left

rFire    + . .     SeeInvis .   a - +1 trident
rCold    . . .     Faith    .   i - +2 kite shield
rNeg     . . .     Spirit   .   B - +2 robe of Inviolability {*Slow +Fly Regen+ Slay+3}
rPois    +         Reflect  .   c - +2 helmet
rElec    .         Harm     .   (no cloak)
rCorr    +         Rampage  .   (no gloves)
MR       .....     Clarity  +   (no boots)
Stlth    +.........             g - amulet of regeneration
HPRegen  1.01/turn              R - ring of resist corrosion
MPRegen  0.11/turn              F - ring of protection from fire

@: very slightly contaminated, invisible
A: change form in water, swift swim, stealthy swim, blink, clarity, poison
resistance
a: Blink, Renounce Religion, Evoke Flight


You were on level 8 of the Dungeon.
You worshipped Okawaru.
Okawaru was noncommittal.
You visited 2 branches of the dungeon, and saw 9 of its levels.

You collected 474 gold pieces.


Innate Abilities, Weirdness & Mutations

You revert to your normal form in water.
You are very nimble and swift while swimming.
You are very stealthy in the water. (Stealth+)
You can translocate small distances at will.
You possess an exceptional clarity of mind.
Your system is resistant to poisons. (rPois)


   Skills:
 + Level 6.1 Fighting
 - Level 15.7 Polearms
 - Level 2.0 Throwing
 + Level 8.0 Dodging


You had 8 spell levels left.
You didn't know any spells.
Your spell library contained the following spells:

 Spells                   Type           Power        Failure   Level
 Shock                    Conj/Air       #...         96%         1
 Swiftness                Air            #.......     99%         2
 Static Discharge         Conj/Air       #.......     100%        3
 Airstrike                Air            #.........   100%        4
 Lightning Bolt           Conj/Air       #.........   100%        5

Inventory:

Hand Weapons
 a - a +1 trident (weapon)
 u - a +0 rapier
Missiles
 d - 4 throwing nets {=f=f}
 m - 17 poisoned darts (quivered)
 t - 10 curare-tipped darts {=f=f}
Armour
 b - a +0 leather armour
 c - a +2 helmet (worn)
 i - a +2 kite shield (worn)
 s - a +0 leather armour of fire resistance
 z - a +0 leather armour
 B - the +2 robe of Inviolability (worn) {*Slow +Fly Regen+ Slay+3}
   (You found it on level 7 of the Dungeon)

   It affects your accuracy and damage with ranged weapons and melee attacks
   (+3).
   It lets you fly.
   It increases your rate of regeneration.
   It may slow you when you take damage.
Magical Staves
 e - an uncursed staff of conjuration {!a!a, unknown}
Jewellery
 g - an amulet of regeneration (around neck)
 v - an uncursed ring of attention
 F - a ring of protection from fire (right hand)
 R - a ring of resist corrosion (left hand)
 W - an uncursed ring of magical power
 Z - an uncursed ring of wizardry
Scrolls
 f - 2 scrolls of magic mapping
 j - 3 scrolls of amnesia
 k - a scroll of random uselessness
 l - 5 scrolls of remove curse {@r2@r2}
 o - 2 scrolls of identify {@r1@r1}
 q - 2 scrolls of teleportation {@r4@r4}
 x - a scroll of enchant armour
Potions
 h - 4 potions of cancellation
 n - a potion of ambrosia
 p - a potion of heal wounds {@q2@q2}
 r - 2 potions of lignification
 w - a potion of might

Dungeon Overview and Level Annotations

Branches:
Dungeon (8/15)             Temple (1/1) D:7
   Lair: D:8-11

Altars:
Ashenzari
Dithmenos
Elyvilon
Gozag
Hepliaklqana
Kikubaaqudgha
Makhleb
Nemelex Xobeh
Okawaru
Ru
Sif Muna
Trog
Uskayaw
Vehumet
Wu Jian
Xom
Yredelemnul
Zin
The Shining One

Annotations:
D:8 2 transporters, exclusions: ice statue and orange crystal statue, ma3's ghost, novice GrFi

...#.######..........#.####.###.#
..##.# #............#.........
..#..# ##......##..#.#.##.###.#
.##.## #......##...............
##..# ###.....##..............
...## !##..○°°###..#.##..##.#
.### ?.##.°°..##............ ##
8..##°°8.$##.#.##..##.# #
....##@..##..#.##...... ########
.....##?##..##.##..#### ........
#.....###..######..# #######.#
#........## ##..#### # #.#
#..........# #<...... # #.#
##.####..#.# ##..#### #######.#
####.>#.######..#
...##.#.####+#.##...........##
##.##.#........###.#.########


You could see an ice statue.


Message History

You hit the ice statue but do no damage.
The ice statue is moderately damaged.
You hit the ice statue but do no damage.
The ice statue is moderately damaged.
You hit the ice statue but do no damage.
The ice statue is moderately damaged.
You catch the helpless ice statue completely off-guard!
You puncture the ice statue!
The ice statue is heavily damaged.
You hit the ice statue but do no damage.
The ice statue is heavily damaged.
The ice statue gestures at you. The freezing blast engulfs you!!
You hit the ice statue.
The ice statue is severely damaged.
You hit the ice statue but do no damage.
The ice statue is severely damaged.
* * * LOW HITPOINT WARNING * * *
You hit the ice statue but do no damage.
The ice statue is heavily damaged.
* * * LOW HITPOINT WARNING * * *
You strike the helpless ice statue from behind!
You puncture the ice statue!
The ice statue is severely damaged.
* * * LOW HITPOINT WARNING * * *
Unknown command.
* * * LOW HITPOINT WARNING * * *
The ice statue gestures at you. The freezing blast engulfs you!
You die...

Skill      XL: |  1  2  3  4  5  6  7  8  9 |
---------------+----------------------------+-----
Polearms       | 5 6 8 9 10 12 15 | 15.7
Fighting       | 6 |  6.1
Dodging        | 8 |  8.0
Throwing       | |  2.0

Action                   |  1- 3 |  4- 6 |  7- 9 || total
-------------------------+-------+-------+-------++-------
Melee: Trident           |   146 |   185 |   371 ||   702
Throw: Dart              |       |       |     3 ||     3
Evoke: Wand              |       |       |     4 ||     4
  Use: Scroll            |       |     8 |     8 ||    16
       Potion            |       |     5 |     9 ||    14
 Stab: Sleeping          |       |     2 |     2 ||     4
       Distracted        |       |     1 |     2 ||     3
       Paralysed         |       |       |     3 ||     3
       Invisible         |       |       |     5 ||     5
Armor: Leather armour    |    39 |    34 |    37 ||   110
       Skin              |       |       |     6 ||     6
       Robe              |       |       |     7 ||     7
Dodge: Dodged            |    70 |    61 |    80 ||   211
Block: Kite shield       |    46 |    63 |   106 ||   215

Levels and vault maps discovered:
D:1:      wander_arrival_lonely_grave, layout_basic, minmay_tetromino_o4
D:2:      layout_basic
D:3:      layout_loops_ring, lemuel_crystal_altar
D:4:      layout_loops_ring
D:5:      layout_basic, minivault_4, minmay_misc_feat_diagonals, uniq_eustachio
D:6:      layout_rooms, vehumet_crystals, kennysheep_generic_room_16
D:7:      layout_basic, minmay_temple_entry_fiery, uniq_joseph
D:8:      minmay_separated_statues, layout_basic, lemuel_coloured_pillars_altar,
          gammafunk_ghost_wrathful_warriors
Temple:   kb_temple_of_zot

Notes
Turn   | Place    | Note
-------+----------+-------------------------------------------
     0 | D:1      | Dracia the Merfolk Gladiator began the quest for the Orb.
     0 | D:1      | Reached XP level 1. HP: 16/16 MP: 1/1
    52 | D:1      | Reached skill level 5 in Polearms
   249 | D:1      | Reached XP level 2. HP: 17/22 MP: 2/2
  1033 | D:2      | Reached skill level 6 in Polearms
  1033 | D:2      | Reached XP level 3. HP: 27/27 MP: 3/3
  1401 | D:2      | Reached XP level 4. HP: 17/33 MP: 4/4
  1586 | D:2      | Reached skill level 7 in Polearms
  1618 | D:2      | Noticed a centaur
  1632 | D:2      | Killed a centaur
  1632 | D:2      | Reached skill level 8 in Polearms
  1632 | D:2      | Reached XP level 5. HP: 17/38 MP: 5/5
  2365 | D:3      | Gained mutation: Your system is resistant to poisons.
                  | (rPois) [potion of mutation]
  2365 | D:3      | Gained mutation: You can translocate small distances at
                  | will. [potion of mutation]
  2365 | D:3      | Gained mutation: You possess an exceptional clarity of
                  | mind. [potion of mutation]
  2368 | D:3      | Identified a potion of resistance
  2684 | D:3      | Found a broken altar of Ashenzari.
  3122 | D:4      | Reached skill level 9 in Polearms
  3140 | D:4      | Reached XP level 6. HP: 22/44 MP: 6/6
  3433 | D:4      | Reached skill level 10 in Polearms
  3819 | D:4      | Reached XP level 7. HP: 45/50 MP: 7/7
  4207 | D:5      | Entered Level 5 of the Dungeon
  4240 | D:5      | Reached skill level 11 in Polearms
  4609 | D:5      | Noticed Eustachio
  4632 | D:5      | Killed Eustachio
  4632 | D:5      | Reached skill level 12 in Polearms
  5485 | D:6      | Reached XP level 8. HP: 53/56 MP: 8/8
  5507 | D:6      | Found a radiant altar of Vehumet.
  5641 | D:6      | Reached skill level 13 in Polearms
  6374 | D:6      | Reached skill level 14 in Polearms
  6439 | D:7      | Noticed Joseph
  6809 | D:7      | Killed Joseph
  6809 | D:7      | Reached skill level 15 in Polearms
  6809 | D:7      | Reached XP level 9. HP: 39/61 MP: 9/9
  6893 | D:7      | Got a warped robe
  6894 | D:7      | Identified the +2 robe of Inviolability {*Slow +Fly Regen+
                  | Slay+3} (You found it on level 7 of the Dungeon)
  6994 | D:7      | Reached skill level 3 in Fighting
  7116 | D:7      | Reached skill level 5 in Dodging
  7369 | D:7      | Found a staircase to the Ecumenical Temple.
  7375 | Temple   | Entered the Ecumenical Temple
  7600 | D:8      | Reached skill level 4 in Fighting
  7629 | D:8      | Noticed an ice statue
  7632 | D:8      | Found a transporter.
  7635 | D:8      | Identified the cursed +3 flail "Rulejud" {antimagic, rPois}
  7635 | D:8      | Noticed a tengu warrior
  7635 | D:8      | Noticed ma3's ghost (novice GrFi)
  7641 | D:8      | Found a transporter.
  7644 | D:8      | Identified the cursed +3 giant club of Checkmate {flame,
                  | *Rage +Rage rN++ Int-2}
  7644 | D:8      | Noticed a two-headed ogre
  7648 | D:8      | Noticed a moth of wrath
  7651 | D:8      | Found a bloodstained altar of Trog.
  7722 | D:8      | Reached skill level 6 in Dodging
  7751 | D:8      | Noticed a cyclops
  7821 | D:8      | Killed a cyclops
  7821 | D:8      | Reached skill level 5 in Fighting
  7821 | D:8      | Reached skill level 7 in Dodging
  8090 | D:8      | Reached skill level 6 in Fighting
  8093 | D:8      | Reached skill level 8 in Dodging
  8191 | D:8      | Found an iron altar of Okawaru.
  8334 | D:8      | Noticed an orange crystal statue
  8391 | D:8      | Became a worshipper of Warmaster Okawaru
  8495 | D:8      | HP: 4/69 [ice statue] (16)]
  8496 | D:8      | Killed from afar by an ice statue

Vanquished Creatures
  A cyclops (D:8)
  Joseph (D:7)
  Eustachio (D:5)
  A water moccasin (D:6)
  4 sky beasts
  A phantom (D:7)
  A black bear (D:6)
  6 ogres
  A centaur (D:2)
  3 bullfrogs
  2 wyvern skeletons
  3 wights
  A howler monkey (D:4)
  A bullfrog zombie (D:5)
  An orc priest (D:4)
  2 hounds
  5 orc wizards (D:4)
  An iguana (D:5)
  5 worker ants
  7 gnolls
  8 adders
  A shadow imp (D:5)
  A white imp (D:5)
  2 oozes
  5 worms
  3 dart slugs
  6 orcs
  2 ball pythons (D:1)
  3 giant cockroaches
  6 goblins
  5 hobgoblins
  8 jackals
  5 kobolds
  A quokka (D:8)
  7 bats
  7 frilled lizards
  A jackal skeleton (D:5)
  A leopard gecko zombie (D:5)
  A quokka skeleton (D:5)
  A quokka zombie (D:7)
  5 rats
127 creatures vanquished.

Table legend: (Time is in decaauts)
 A = Elapsed time spent in this place.
 B = Non-inter-level travel time spent in this place.
 C = Inter-level travel time spent in this place.
 D = Time resting spent in this place.
 E = Time spent auto-exploring this place.
 F = Levels seen in this place.
 G = Mean time per level.
                   A        B        C        D        E       F      G
               +--------+--------+--------+--------+--------+-----+--------+
         Total |   8415 |   8099 |    316 |   1738 |   5216 |   9 |  935.0 |
       Dungeon |   8305 |   8005 |    300 |   1738 |   5123 |   8 | 1038.1 |
        Temple |    109 |     93 |     16 |      0 |     93 |   1 |  109.0 |
               +--------+--------+--------+--------+--------+-----+--------+

Top non-repeatable levels by time:
     D:4: 1255 daAuts
     D:5: 1235 daAuts
     D:6: 1201 daAuts
     D:2: 1193 daAuts
     D:1: 1023 daAuts
     D:8: 913 daAuts
     D:7: 741 daAuts
     D:3: 740 daAuts
  Temple: 109 daAuts

Table legend:
 A = Non-vault XP
 B = Vault XP
 C = Vault XP percentage of total XP
 D = Non-vault monster count
 E = Vault monster count
 F = Vault count percentage of total count
                 A         B        C        D         E       F
            +---------+---------+-------+---------+---------+-------
      Total |    3915 |     684 |  14.9 |     121 |       6 |   4.7
            +---------+---------+-------+---------+---------+-------
        D:1 |      22 |       8 |  26.7 |      13 |       3 |  18.8
        D:2 |     168 |       0 |   0.0 |      26 |       0 |   0.0
        D:3 |      39 |       0 |   0.0 |      11 |       0 |   0.0
        D:4 |     404 |       0 |   0.0 |      20 |       0 |   0.0
        D:5 |     227 |     197 |  46.5 |      16 |       1 |   5.9
        D:6 |     871 |      13 |   1.5 |      11 |       1 |   8.3
        D:7 |     722 |     466 |  39.2 |       9 |       1 |  10.0
        D:8 |    1462 |       0 |   0.0 |      15 |       0 |   0.0
            +---------+---------+-------+---------+---------+-------
